 Dungeon Crawl Stone Soup version 0.29.1-13-g9f3cf754e1 (webtiles) character file.

Game seed: 10120273568989949477

14 Exodus22XD the Covered (level 2, 25/27 HPs)
             Began as a Minotaur Fighter on Feb 3, 2023.
             Was a Believer of Lugonu.
             Quit the game on level 1 of the Dungeon.
             The game lasted 00:00:11 (164 turns).

Exodus22XD the Covered (Minotaur Fighter)            Turns: 164, Time: 00:00:12

Health: 25/27      AC:  7    Str: 20    XL:     2   Next: 27%
Magic:  1/1        EV:  9    Int:  5    God:    Lugonu [**....]
Gold:   9          SH:  4    Dex:  9    Spells: 1/1 levels left

rFire   . . .      SeeInvis .   a - +0 war axe
rCold   . . .      Faith    .   c - +0 buckler
rNeg    . . .      Spirit   .   b - +0 scale mail
rPois   .          Reflect  .   (helmet restricted)
rElec   .          Harm     .   (no cloak)
rCorr   .          Rampage  .   (no gloves)
Will    .....                   (no boots)
Stlth   ..........              (no amulet)
HPRegen 0.09/turn               (no ring)
MPRegen 0.07/turn               (no ring)

@: no status effects
A: horns 2, retaliatory headbutt
a: Renounce Religion, Depart the Abyss, Bend Space


You were on level 1 of the Dungeon.
You worshipped Lugonu.
Lugonu was pleased with you.
You visited 1 branch of the dungeon, and saw 1 of its levels.

You collected 9 gold pieces.

Inventory:

Hand Weapons
 a - a +0 war axe (weapon)
Armour
 b - a +0 scale mail (worn)
 c - a +0 buckler (worn)
Scrolls
 e - a scroll of enchant weapon {unknown}
Potions
 d - a potion of might


   Skills:
 + Level 3.9 Fighting
 + Level 2.6 Axes
 + Level 4.0 Armour
 + Level 3.9 Shields


You had one spell level left.
You didn't know any spells.
Your spell library was empty.

Dungeon Overview and Level Annotations

Branches:
Dungeon (1/15)

Altars:
Lugonu


Innate Abilities, Weirdness & Mutations

You have a pair of horns on your head.
You reflexively headbutt those who attack you in melee.


Message History

The endoplasm is heavily wounded.
The endoplasm freezes you.
You are frozen.
An endoplasm is nearby!
You hit the endoplasm.
You kill the endoplasm!
A bat comes into view.
The bat hits you but does no damage.
You hit the bat.
The bat is moderately wounded.
The bat hits you but does no damage. x2; The bat closely misses you.
You furiously retaliate!
You headbutt the bat.
You kill the bat!
You see here a bat corpse.
As you open the huge gate, it creaks loudly!
Found a faded altar of an unknown god.
No target in view!
A giant cockroach comes into view.
There is a huge open gate here.
A dart slug comes into view.
The dart slug briefly extends its eye-stalks.
The dart slug launches a dart at you. The slug dart hits you.
There is a huge open gate here.
There are monsters nearby!
There is a huge open gate here.
There are monsters nearby!
You closely miss the giant cockroach. You headbutt the giant cockroach.
You kill the giant cockroach!
Your Armour skill increases to level 4!
A dart slug is nearby!
There is a huge open gate here.
There is a faded altar of an unknown god here.
You cannot tell which god this altar belongs to.
Convert to them anyway?
Lugonu accepts your prayer! Lugonu welcomes you!
You can now depart the Abyss.
You can now bend space around yourself.
The dart slug launches a dart at you. You block the slug dart.
Are you sure you want to abandon this character and quit the game? (Confirm with "yes".)

....... ..##
...#... ...
#....# ..## #
#.#.##... #.
#...w...
#.##'''''##
#...''''†.######
#...''@''......#
##..'''''..###.#
##.'''''#.#
#######....#.#
.........### #
#######.##
#######†####.#.
#..............
#.#####........


You could see a dart slug.

Vanquished Creatures
  A dart slug (D:1)
  2 endoplasms (D:1)
  2 giant cockroaches (D:1)
  A hobgoblin (D:1)
  2 jackals (D:1)
  A bat (D:1)
  A frilled lizard (D:1)
10 creatures vanquished.

Notes
Turn   | Place    | Note
-------+----------+-------------------------------------------
     0 | D:1      | Exodus22XD the Minotaur Fighter began the quest for the
                  | Orb.
     0 | D:1      | Reached XP level 1. HP: 19/19 MP: 0/0
   112 | D:1      | Reached XP level 2. HP: 25/27 MP: 1/1
   156 | D:1      | Found a faded altar of an unknown god.
   161 | D:1      | Reached skill level 4 in Armour
   163 | D:1      | Prayed at the altar of an unknown god.
   163 | D:1      | Became a worshipper of Lugonu the Unformed
   163 | D:1      | Reached * piety under Lugonu
   163 | D:1      | Reached ** piety under Lugonu
   164 | D:1      | Quit the game

Illustrated notes

Levels and vault maps discovered:
D:1:      sevenhm_arrival_forest_fort_small_4, layout_loops_ring,
          hellmonk_ecumenical_altar_heavens_door

Skill      XL: |  1  2 |
---------------+-------+-----
Armour         | 4 |  4.0
Fighting       | |  3.9
Axes           | |  2.6
Shields        | |  3.9

Action                   || total
-------------------------++-------
Melee: War axe           ||    18
       Headbutt          ||     2
Armor: Scale mail        ||    10
Dodge: Dodged            ||     7
Block: Buckler           ||     3
